 Dungeon Crawl Stone Soup version 0.28-a0-241-gfbb0926a3a (webtiles) character file.

Game seed: 2125182768067476660

10739 Colgate the Grappler (level 11, -14/107 HPs)
             Began as a Troll Berserker on Aug 24, 2021.
             Was an Elder of Trog.
             Demolished by a shadow (24 damage)
             ... on level 10 of the Dungeon.
             The game lasted 00:17:19 (8269 turns).

Colgate the Grappler (Troll Berserker)              Turns: 8269, Time: 00:17:19

Health: -14/107    AC:  9    Str: 36    XL:     11   Next: 40%
Magic:  4/11       EV: 13    Int: -3 (3) God:    Trog [****..]
Gold:   325        SH:  8    Dex:  9    Spells: 10/10 levels left

rFire   . . .      SeeInvis .     - Unarmed
rCold   . . .      Faith    +   c - +0 kite shield
rNeg    . . .      Spirit   .   b - +2 robe {Will+}
rPois   .          Reflect  .   (helmet restricted)
rElec   .          Harm     .   o - +2 cloak
rCorr   .          Rampage  .   (gloves unavailable)
Will    +....                   (boots unavailable)
Stlth   +.........              n - amulet of faith
HPRegen 1.27/turn               d - +4 ring of evasion
MPRegen 0.12/turn               q - +6 ring of strength

@: on berserk cooldown, slowed, lost intelligence, unable to read, very slow
A: large, unfitting armour, claws 3, regeneration 1, shaggy fur 1, tough skin 1,
high mp 1
a: Renounce Religion, Berserk, Trog's Hand, Brothers in Arms


You were on level 10 of the Dungeon.
You worshipped Trog.
Trog was greatly pleased with you.
You visited 1 branch of the dungeon, and saw 10 of its levels.
You also visited: Sewer.

You collected 631 gold pieces.
You spent 306 gold pieces at shops.


Innate Abilities, Weirdness & Mutations

You are too large for most types of armour.
You have claws for hands.
Your natural rate of healing is unusually fast.
You are covered in fur. (AC +1)
You have tough skin. (AC +1)
You have an increased reservoir of magic. (+10% MP)


   Skills:
 + Level 6.5 Fighting
 - Level 1.2 Armour
 - Level 3.9 Dodging
 - Level 6.1 Shields
 - Level 14.0 Unarmed Combat


You had 10 spell levels left.
You didn't know any spells.
Your spell library was empty.

Inventory:

Missiles
 e - 5 large rocks
Armour
 b - a +2 robe of willpower (worn)
 c - a +0 kite shield (worn)
 o - a +2 cloak (worn)
Jewellery
 d - a +4 ring of evasion (left claw)
 n - an amulet of faith (around neck)
 q - a +6 ring of strength (right claw)
 r - a ring of fire
Wands
 f - a wand of flame (17)
Scrolls
 j - 8 scrolls of teleportation
 m - a scroll of identify
Potions
 i - 4 potions of mutation
 p - a potion of might
 s - a potion of cancellation {unknown}

Dungeon Overview and Level Annotations

Branches:
Dungeon (10/15)            Temple (0/1) D:4             Orc (0/2) D:10
  Sewer (visited)
   Lair: D:8-11

Altars:
Ashenzari
Fedhas
Gozag
Hepliaklqana
Okawaru
Uskayaw
Vehumet
Xom
Yredelemnul

Shops:
D:2 (   D:5 (   D:7 =   D:8 *   D:9 *


Message History

The shadow flickers and vanishes!
Deactivating autopickup; reactivate with Ctrl-A.
The yak closely misses you.
The shadow strikes at you from the darkness!
Reactivating autopickup.
You scratch the yak.
The yak is severely wounded.
The yak gores you but does no damage. The shadow hits you!
The yak gores you but does no damage.
You're too confused to move!
You feel less confused. You block the shadow's attack.
You block the yak's attack.
The orange crystal statue glitters.
You resist with almost no effort.
8265 ||| INVOKING Brothers in Arms.
Your ogre goes berserk!
The shadow hits you! You block the yak's attack.
The wight hits you but does no damage. The shadow hits you. The yak gores you.
8266 ||| Stepping ~*~*~tactically~*~*~ (outnumbered).
Your ogre hits the gargoyle with a +0 giant club!
Something hits your ogre!
You scratch the shadow.
The shadow is lightly damaged.
Your ogre hits the wight with a +0 giant club!!
The wight is destroyed!
The shadow closely misses you. The shadow hits you!
You mangle the shadow!!
The shadow is almost destroyed.
Your ogre hits the gargoyle with a +0 giant club!!
The gargoyle is destroyed!
The shadow slips into darkness.
The shadow flickers and vanishes!
Deactivating autopickup; reactivate with Ctrl-A.
Your ogre hits the two-headed ogre with a +0 giant club!!!
The two-headed ogre closely misses your ogre.
The two-headed ogre hits your ogre with a +0 giant club!!
You scratch something but do no damage. Something barely misses your ogre.
The shadow strikes at you from the darkness!
You die...

........)........
.................
#.........?[(...##
.........[###$....
.........)#8#|....
........)###!....
####.###..=$.....
#####.###OO.%.....
.......@{Y%.......
##################


You could see a two-headed ogre (summoned, ally target), a yak and a friendly
ogre (summoned, berserk).

Vanquished Creatures
  A two-headed ogre (D:5)
  A cyclops (D:8)
  A troll (D:9)
  Grinder (D:6)
  A wraith (D:7)
  28 yaks
  A steam dragon (D:7)
  A water moccasin (D:7)
  8 orc warriors
  A sky beast (D:6)
  3 black bears
  3 ogres (D:6)
  3 centaurs
  A phantom (D:6)
  Blork the orc (D:6)
  2 bullfrogs
  2 scorpions (D:6)
  7 wights
  5 howler monkeys
  8 centaur zombies
  2 jellies
  8 orc priests
  A gnoll shaman (D:5)
  Jessica (D:2)
  Natasha (thrice) (D:2)
  3 iguanas
  7 orc wizards
  A killer bee zombie (D:8)
  A hound skeleton (D:4)
  3 howler monkey zombies
  5 adders
  3 gnolls (D:5)
  2 white imps
  A worm (D:5)
  2 dart slugs
  30 orcs
  8 endoplasms
  4 giant cockroaches
  10 goblins
  6 hobgoblins
  8 jackals
  2 quokkas
  10 ball pythons
  7 bats
  4 frilled lizards
  13 kobolds
  5 rats
229 creatures vanquished.

Vanquished Creatures (collateral kills)
  A troll (D:10)
  4 yaks (D:10)
  An orc wizard (D:9)
  An orc (D:9)
7 creatures vanquished.

Vanquished Creatures (others)
  An orc wizard (D:6)
  14 plants (D:10)
15 creatures vanquished.

Grand Total: 251 creatures vanquished

Notes
Turn   | Place    | Note
-------+----------+-------------------------------------------
     0 | D:1      | Colgate the Troll Berserker began the quest for the Orb.
     0 | D:1      | Reached XP level 1. HP: 22/22 MP: 0/0
     0 | D:1      | 0 ||| counter = 49
   151 | D:1      | 151 ||| Stepping ~*~*~tactically~*~*~ (outnumbered).
   152 | D:1      | 152 ||| Stepping ~*~*~tactically~*~*~ (outnumbered).
   153 | D:1      | 153 ||| Stepping ~*~*~tactically~*~*~ (outnumbered).
   155 | D:1      | Reached XP level 2. HP: 29/29 MP: 1/1
   612 | D:1      | Reached skill level 4 in Unarmed Combat
   655 | D:1      | 655 ||| UPGRADING to +0 kite shield.
   660 | D:1      | 660 ||| READING scroll labelled XIOCRAO RIAJAU.
   661 | D:1      | 661 ||| READING scroll labelled LEIS HOREDI.
   766 | D:2      | Noticed Natasha
   768 | D:2      | 768 ||| INVOKING Berserk.
   769 | D:2      | Killed Natasha
   769 | D:2      | Reached ** piety under Trog
   770 | D:2      | Reached skill level 1 in Shields
   770 | D:2      | Reached XP level 3. HP: 36/36 MP: 2/2
   813 | D:2      | Found Axtasux's Weapon Shoppe.
   821 | D:2      | 821 ||| READING scroll labelled KUSADD HEDU.
   878 | D:2      | Found a faded altar of an unknown god.
   904 | D:2      | Noticed Jessica
   908 | D:2      | Killed Jessica
   909 | D:2      | Reached XP level 4. HP: 44/44 MP: 3/3
   933 | D:2      | Found a radiant altar of Vehumet.
  1004 | D:2      | Noticed Natasha
  1007 | D:2      | 1007 ||| INVOKING Berserk.
  1009 | D:2      | Killed Natasha
  1173 | D:2      | Noticed Natasha
  1176 | D:2      | 1176 ||| INVOKING Berserk.
  1184 | D:2      | Killed Natasha
  1185 | D:2      | Reached skill level 5 in Unarmed Combat
  1185 | D:2      | Reached XP level 5. HP: 50/50 MP: 4/4
  1290 | D:2      | 1290 ||| UPGRADING to +2 robe of willpower.
  1300 | D:2      | 1300 ||| DROPPING +0 animal skin.
  1301 | D:2      | 1301 ||| READING scroll labelled ROERUA GOIFAIV.
  1724 | D:3      | 1724 ||| Stepping ~*~*~tactically~*~*~ (stealth).
  1725 | D:3      | 1725 ||| Stepping ~*~*~tactically~*~*~ (stealth).
  1737 | D:3      | 1737 ||| Stepping ~*~*~tactically~*~*~ (stealth).
  1742 | D:3      | 1742 ||| Stepping ~*~*~tactically~*~*~ (outnumbered).
  1744 | D:3      | 1744 ||| Stepping ~*~*~tactically~*~*~ (outnumbered).
  1784 | D:3      | 1784 ||| READING scroll labelled KAVOBLUPSO.
  1785 | D:3      | 1785 ||| READING scroll labelled NYTEXU GUNUEDD.
  1786 | D:3      | 1786 ||| DRINKING 2 yellow potions.
  1825 | D:3      | 1825 ||| DROPPING potion of lignification.
  1856 | D:4      | 1856 ||| FLEEEEING.
  1863 | D:4      | 1863 ||| STAIRDANCE
  1959 | D:4      | 1959 ||| Stepping ~*~*~tactically~*~*~ (hiding).
  1960 | D:4      | 1960 ||| Waiting for ranged monster.
  1961 | D:4      | 1961 ||| Waiting for ranged monster.
  1962 | D:4      | 1962 ||| Waiting for ranged monster.
  1963 | D:4      | 1963 ||| Waiting for ranged monster.
  1964 | D:4      | 1964 ||| Waiting for ranged monster.
  1965 | D:4      | 1965 ||| Waiting for ranged monster.
  1966 | D:4      | 1966 ||| Waiting for ranged monster.
  1967 | D:4      | 1967 ||| Waiting for ranged monster.
  1968 | D:4      | 1968 ||| Waiting for ranged monster.
  1970 | D:4      | 1970 ||| Stepping ~*~*~tactically~*~*~ (hiding).
  1971 | D:4      | 1971 ||| Waiting for ranged monster.
  1972 | D:4      | 1972 ||| Waiting for ranged monster.
  1973 | D:4      | 1973 ||| Waiting for ranged monster.
  1974 | D:4      | 1974 ||| Waiting for ranged monster.
  1975 | D:4      | 1975 ||| Waiting for ranged monster.
  1976 | D:4      | 1976 ||| Waiting for ranged monster.
  1977 | D:4      | 1977 ||| Waiting for ranged monster.
  1978 | D:4      | 1978 ||| Waiting for ranged monster.
  1979 | D:4      | 1979 ||| Waiting for ranged monster.
  1981 | D:4      | 1981 ||| Stepping ~*~*~tactically~*~*~ (hiding).
  1982 | D:4      | 1982 ||| Waiting for ranged monster.
  1983 | D:4      | 1983 ||| Waiting for ranged monster.
  1984 | D:4      | 1984 ||| Waiting for ranged monster.
  1985 | D:4      | 1985 ||| Waiting for ranged monster.
  1986 | D:4      | 1986 ||| Waiting for ranged monster.
  1987 | D:4      | 1987 ||| Waiting for ranged monster.
  1988 | D:4      | 1988 ||| Waiting for ranged monster.
  1989 | D:4      | 1989 ||| Waiting for ranged monster.
  1990 | D:4      | 1990 ||| Waiting for ranged monster.
  1992 | D:4      | 1992 ||| Stepping ~*~*~tactically~*~*~ (hiding).
  1993 | D:4      | 1993 ||| Waiting for ranged monster.
  1994 | D:4      | 1994 ||| Waiting for ranged monster.
  1995 | D:4      | 1995 ||| Waiting for ranged monster.
  1996 | D:4      | 1996 ||| Waiting for ranged monster.
  1997 | D:4      | 1997 ||| Waiting for ranged monster.
  1998 | D:4      | 1998 ||| Waiting for ranged monster.
  1999 | D:4      | 1999 ||| Waiting for ranged monster.
  2000 | D:4      | 2000 ||| Waiting for ranged monster.
  2001 | D:4      | 2001 ||| Waiting for ranged monster.
  2003 | D:4      | 2003 ||| Stepping ~*~*~tactically~*~*~ (hiding).
  2004 | D:4      | 2004 ||| Waiting for ranged monster.
  2005 | D:4      | 2005 ||| Waiting for ranged monster.
  2006 | D:4      | 2006 ||| Waiting for ranged monster.
  2007 | D:4      | 2007 ||| Waiting for ranged monster.
  2008 | D:4      | 2008 ||| Waiting for ranged monster.
  2009 | D:4      | 2009 ||| Waiting for ranged monster.
  2010 | D:4      | 2010 ||| Waiting for ranged monster.
  2011 | D:4      | 2011 ||| Waiting for ranged monster.
  2012 | D:4      | 2012 ||| Waiting for ranged monster.
  2014 | D:4      | 2014 ||| Stepping ~*~*~tactically~*~*~ (hiding).
  2015 | D:4      | 2015 ||| Stepping ~*~*~tactically~*~*~ (hiding).
  2016 | D:4      | 2016 ||| Stepping ~*~*~tactically~*~*~ (hiding).
  2017 | D:4      | 2017 ||| Stepping ~*~*~tactically~*~*~ (hiding).
  2018 | D:4      | 2018 ||| Waiting for ranged monster.
  2019 | D:4      | 2019 ||| Waiting for ranged monster.
  2020 | D:4      | 2020 ||| Waiting for ranged monster.
  2021 | D:4      | 2021 ||| Waiting for ranged monster.
  2022 | D:4      | 2022 ||| Waiting for ranged monster.
  2024 | D:4      | 2024 ||| Waiting for ranged monster.
  2025 | D:4      | 2025 ||| Waiting for ranged monster.
  2026 | D:4      | 2026 ||| Waiting for ranged monster.
  2032 | D:4      | Reached skill level 6 in Unarmed Combat
  2113 | D:4      | 2113 ||| Stepping ~*~*~tactically~*~*~ (hiding).
  2114 | D:4      | 2114 ||| Waiting for ranged monster.
  2115 | D:4      | 2115 ||| Waiting for ranged monster.
  2116 | D:4      | 2116 ||| Waiting for ranged monster.
  2119 | D:4      | 2119 ||| Waiting for ranged monster.
  2120 | D:4      | 2120 ||| Waiting for ranged monster.
  2121 | D:4      | 2121 ||| Waiting for ranged monster.
  2122 | D:4      | 2122 ||| Waiting for ranged monster.
  2144 | D:4      | 2144 ||| Stepping ~*~*~tactically~*~*~ (hiding).
  2145 | D:4      | 2145 ||| Waiting for ranged monster.
  2146 | D:4      | 2146 ||| Waiting for ranged monster.
  2147 | D:4      | 2147 ||| Waiting for ranged monster.
  2148 | D:4      | 2148 ||| Waiting for ranged monster.
  2151 | D:4      | 2151 ||| Waiting for ranged monster.
  2152 | D:4      | 2152 ||| Waiting for ranged monster.
  2153 | D:4      | 2153 ||| Waiting for ranged monster.
  2242 | D:4      | 2242 ||| FLEEEEING.
  2243 | D:4      | 2243 ||| FLEEEEING.
  2244 | D:4      | 2244 ||| FLEEEEING.
  2245 | D:4      | 2245 ||| FLEEEEING.
  2246 | D:4      | 2246 ||| FLEEEEING.
  2247 | D:4      | 2247 ||| FLEEEEING.
  2249 | D:4      | Reached XP level 6. HP: 56/59 MP: 5/5
  2324 | D:4      | Found a staircase to the Ecumenical Temple.
  2492 | D:4      | Found a glowing drain.
  2493 | D:4      | 2493 ||| Found Sewer.
  2501 | Sewer    | Entered a sewer
  2502 | Sewer    | 2502 ||| Entered Sewer.
  2508 | Sewer    | Reached *** piety under Trog
  2755 | Sewer    | 2755 ||| UPGRADING to +0 cloak.
  2760 | Sewer    | 2760 ||| UPGRADING to amulet of faith.
  2765 | Sewer    | 2765 ||| UPGRADING to +6 ring of strength.
  2766 | Sewer    | 2766 ||| UPGRADING to ring of positive energy.
  2767 | Sewer    | 2767 ||| READING 2 scrolls labelled QUOHIBB FITEGH.
  2768 | Sewer    | 2768 ||| READING 2 scrolls labelled ZEOMENW REIT.
  2769 | Sewer    | 2769 ||| READING 2 scrolls labelled RAAXZAEDITH.
  2770 | Sewer    | 2770 ||| READING 2 scrolls labelled TIEN ED KIR.
  2771 | Sewer    | 2771 ||| READING scroll labelled GEHI EGOISIJYG.
  2772 | Sewer    | 2772 ||| DROPPING scroll of vulnerability.
  2773 | Sewer    | 2773 ||| DROPPING scroll of fog.
  2774 | Sewer    | 2774 ||| DROPPING scroll of summoning.
  2900 | D:5      | Entered Level 5 of the Dungeon
  2921 | D:5      | 2921 ||| Stepping ~*~*~tactically~*~*~ (hiding).
  2922 | D:5      | 2922 ||| Waiting for ranged monster.
  2923 | D:5      | 2923 ||| Waiting for ranged monster.
  2924 | D:5      | 2924 ||| Waiting for ranged monster.
  2928 | D:5      | 2928 ||| Waiting for ranged monster.
  2929 | D:5      | 2929 ||| Waiting for ranged monster.
  2930 | D:5      | 2930 ||| Waiting for ranged monster.
  2937 | D:5      | 2937 ||| Stepping ~*~*~tactically~*~*~ (outnumbered).
  2938 | D:5      | 2938 ||| Stepping ~*~*~tactically~*~*~ (outnumbered).
  2960 | D:5      | 2960 ||| Stepping ~*~*~tactically~*~*~ (outnumbered).
  2961 | D:5      | 2961 ||| Stepping ~*~*~tactically~*~*~ (outnumbered).
  2962 | D:5      | 2962 ||| Stepping ~*~*~tactically~*~*~ (outnumbered).
  2963 | D:5      | 2963 ||| Stepping ~*~*~tactically~*~*~ (outnumbered).
  2964 | D:5      | 2964 ||| Stepping ~*~*~tactically~*~*~ (outnumbered).
  2965 | D:5      | 2965 ||| Stepping ~*~*~tactically~*~*~ (outnumbered).
  2966 | D:5      | 2966 ||| Stepping ~*~*~tactically~*~*~ (outnumbered).
  2982 | D:5      | Found a blossoming altar of Fedhas.
  3042 | D:5      | 3042 ||| INVOKING Berserk.
  3180 | D:5      | Reached skill level 7 in Unarmed Combat
  3192 | D:5      | 3192 ||| Stepping ~*~*~tactically~*~*~ (hiding).
  3193 | D:5      | 3193 ||| Waiting for ranged monster.
  3194 | D:5      | 3194 ||| Waiting for ranged monster.
  3195 | D:5      | 3195 ||| Waiting for ranged monster.
  3196 | D:5      | 3196 ||| Waiting for ranged monster.
  3203 | D:5      | 3203 ||| INVOKING Berserk.
  3208 | D:5      | Reached XP level 7. HP: 49/66 MP: 6/6
  3227 | D:5      | 3227 ||| Stepping ~*~*~tactically~*~*~ (stealth).
  3228 | D:5      | 3228 ||| Stepping ~*~*~tactically~*~*~ (stealth).
  3236 | D:5      | 3236 ||| FLEEEEING.
  3238 | D:5      | 3238 ||| FLEEEEING.
  3240 | D:5      | 3240 ||| FLEEEEING.
  3241 | D:5      | 3241 ||| FLEEEEING.
  3242 | D:5      | 3242 ||| FLEEEEING.
  3243 | D:5      | 3243 ||| FLEEEEING.
  3261 | D:5      | Found Tefaf's Weapon Emporium.
  3325 | D:5      | Noticed a two-headed ogre
  3330 | D:5      | 3330 ||| INVOKING Berserk.
  3334 | D:5      | HP: 19/99 [two-headed ogre (11)]
  3337 | D:5      | Killed a two-headed ogre
  3338 | D:5      | Reached skill level 9 in Unarmed Combat
  3338 | D:5      | Reached XP level 8. HP: 24/74 MP: 7/7
  3418 | D:5      | 3418 ||| Stepping ~*~*~tactically~*~*~ (outnumbered).
  3420 | D:5      | Reached **** piety under Trog
  3936 | D:5      | 3936 ||| READING scroll labelled PUTUNIA HIMIFO.
  3937 | D:5      | 3937 ||| DRINKING 3 smoky brown potions.
  3937 | D:5      | Gained mutation: You have an increased reservoir of magic.
                  | (+10% MP) [potion of mutation]
  3938 | D:5      | 3938 ||| READING 3 scrolls of identify.
  3938 | D:5      | 3938 ||| IDENTIFYING amethyst potion
  3939 | D:5      | 3939 ||| READING 2 scrolls of identify.
  3939 | D:5      | 3939 ||| IDENTIFYING fizzy coppery potion
  3954 | D:6      | 3954 ||| STAIRDANCE
  3969 | D:6      | Reached skill level 3 in Fighting
  3969 | D:6      | 3969 ||| STAIRDANCE
  4095 | D:6      | 4095 ||| Stepping ~*~*~tactically~*~*~ (hiding).
  4096 | D:6      | 4096 ||| Waiting for ranged monster.
  4097 | D:6      | 4097 ||| Waiting for ranged monster.
  4098 | D:6      | 4098 ||| Waiting for ranged monster.
  4099 | D:6      | 4099 ||| Waiting for ranged monster.
  4100 | D:6      | 4100 ||| Waiting for ranged monster.
  4101 | D:6      | 4101 ||| Waiting for ranged monster.
  4102 | D:6      | 4102 ||| Waiting for ranged monster.
  4103 | D:6      | 4103 ||| Waiting for ranged monster.
  4104 | D:6      | 4104 ||| Waiting for ranged monster.
  4106 | D:6      | 4106 ||| Stepping ~*~*~tactically~*~*~ (hiding).
  4107 | D:6      | 4107 ||| Waiting for ranged monster.
  4108 | D:6      | 4108 ||| Waiting for ranged monster.
  4109 | D:6      | 4109 ||| Waiting for ranged monster.
  4110 | D:6      | 4110 ||| Waiting for ranged monster.
  4111 | D:6      | 4111 ||| Waiting for ranged monster.
  4112 | D:6      | 4112 ||| Waiting for ranged monster.
  4113 | D:6      | 4113 ||| Waiting for ranged monster.
  4114 | D:6      | 4114 ||| Waiting for ranged monster.
  4115 | D:6      | 4115 ||| Waiting for ranged monster.
  4123 | D:6      | 4123 ||| Stepping ~*~*~tactically~*~*~ (stealth).
  4124 | D:6      | 4124 ||| Stepping ~*~*~tactically~*~*~ (stealth).
  4130 | D:6      | 4130 ||| Stepping ~*~*~tactically~*~*~ (stealth).
  4133 | D:6      | 4133 ||| Stepping ~*~*~tactically~*~*~ (hiding).
  4134 | D:6      | 4134 ||| Stepping ~*~*~tactically~*~*~ (stealth).
  4135 | D:6      | 4135 ||| Waiting for ranged monster.
  4140 | D:6      | 4140 ||| INVOKING Berserk.
  4184 | D:6      | Reached skill level 3 in Shields
  4191 | D:6      | 4191 ||| Stepping ~*~*~tactically~*~*~ (stealth).
  4206 | D:6      | 4206 ||| Stepping ~*~*~tactically~*~*~ (stealth).
  4207 | D:6      | 4207 ||| Stepping ~*~*~tactically~*~*~ (stealth).
  4228 | D:6      | 4228 ||| Stepping ~*~*~tactically~*~*~ (stealth).
  4229 | D:6      | 4229 ||| Stepping ~*~*~tactically~*~*~ (stealth).
  4231 | D:6      | 4231 ||| Stepping ~*~*~tactically~*~*~ (stealth).
  4238 | D:6      | 4238 ||| INVOKING Berserk.
  4244 | D:6      | Reached skill level 10 in Unarmed Combat
  4272 | D:6      | Reached XP level 9. HP: 69/84 MP: 8/8
  4326 | D:6      | 4326 ||| Stepping ~*~*~tactically~*~*~ (stealth).
  4327 | D:6      | 4327 ||| Stepping ~*~*~tactically~*~*~ (stealth).
  4328 | D:6      | 4328 ||| Stepping ~*~*~tactically~*~*~ (stealth).
  4332 | D:6      | 4332 ||| INVOKING Berserk.
  4345 | D:6      | 4345 ||| Stepping ~*~*~tactically~*~*~ (stealth).
  4346 | D:6      | 4346 ||| Stepping ~*~*~tactically~*~*~ (stealth).
  4365 | D:6      | Noticed Grinder
  4366 | D:6      | 4366 ||| INVOKING Trog's Hand.
  4368 | D:6      | 4368 ||| Stepping ~*~*~tactically~*~*~ (hiding).
  4369 | D:6      | 4369 ||| Waiting for ranged monster.
  4375 | D:6      | Killed Grinder
  4376 | D:6      | 4376 ||| Waiting for ranged monster.
  4377 | D:6      | 4377 ||| Stepping ~*~*~tactically~*~*~ (stealth).
  4379 | D:6      | 4379 ||| Stepping ~*~*~tactically~*~*~ (stealth).
  4384 | D:6      | 4384 ||| Stepping ~*~*~tactically~*~*~ (outnumbered).
  4385 | D:6      | 4385 ||| Stepping ~*~*~tactically~*~*~ (outnumbered).
  4444 | D:6      | 4444 ||| INVOKING Berserk.
  4507 | D:6      | Noticed Blork the orc
  4511 | D:6      | Killed Blork the orc
  4512 | D:6      | Reached skill level 11 in Unarmed Combat
  4568 | D:6      | 4568 ||| Stepping ~*~*~tactically~*~*~ (stealth).
  4577 | D:6      | Found a broken altar of Ashenzari.
  4621 | D:6      | 4621 ||| Stepping ~*~*~tactically~*~*~ (stealth).
  4672 | D:6      | 4672 ||| INVOKING Berserk.
  4841 | D:6      | 4841 ||| Stepping ~*~*~tactically~*~*~ (stealth).
  4867 | D:6      | 4867 ||| Stepping ~*~*~tactically~*~*~ (stealth).
  4868 | D:6      | 4868 ||| Stepping ~*~*~tactically~*~*~ (stealth).
  4947 | D:6      | 4947 ||| UPGRADING to +6 ring of intelligence.
  4949 | D:6      | 4949 ||| READING scroll labelled UMARUD WYFEDGH.
  4950 | D:6      | 4950 ||| READING scroll labelled VALEFYD PUFUW.
  5197 | D:7      | 5197 ||| Stepping ~*~*~tactically~*~*~ (hiding).
  5198 | D:7      | 5198 ||| Waiting for ranged monster.
  5199 | D:7      | 5199 ||| Stepping ~*~*~tactically~*~*~ (hiding).
  5205 | D:7      | 5205 ||| INVOKING Berserk.
  5322 | D:7      | 5322 ||| Stepping ~*~*~tactically~*~*~ (hiding).
  5323 | D:7      | Found Dirimnao's Jewellery Shoppe.
  5331 | D:7      | 5331 ||| Waiting for ranged monster.
  5365 | D:7      | Reached ***** piety under Trog
  5366 | D:7      | 5366 ||| Stepping ~*~*~tactically~*~*~ (cloud).
  5615 | D:7      | 5615 ||| SHOPLISTING +4 ring of evasion (360 gold, have
                  | 343).
  5615 | D:7      | 5615 ||| BUYING ring of fire (250 gold).
  5615 | D:7      | Bought a ring of fire for 250 gold pieces
  5615 | D:7      | 5615 ||| SHOPLISTING ring of see invisible (150 gold, have
                  | 93).
  5946 | D:7      | 5946 ||| DROPPING ring of positive energy.
  5947 | D:7      | 5947 ||| UPGRADING to +6 ring of dexterity.
  5949 | D:7      | 5949 ||| DROPPING +6 ring of intelligence.
  5950 | D:7      | 5950 ||| READING 2 scrolls of identify.
  5950 | D:7      | 5950 ||| IDENTIFYING fuming golden potion
  5951 | D:7      | 5951 ||| DROPPING potion of berserk rage.
  5983 | D:8      | 5983 ||| STAIRDANCE
  5988 | D:8      | 5988 ||| STAIRDANCE
  5990 | D:7      | 5990 ||| INVOKING Berserk.
  6023 | D:8      | 6023 ||| STAIRDANCE
  6028 | D:8      | 6028 ||| INVOKING Berserk.
  6034 | D:8      | Reached skill level 3 in Dodging
  6078 | D:8      | 6078 ||| READING scroll of enchant armour.
  6078 | D:8      | 6078 ||| ENCHANTING +0 cloak.
  6203 | D:8      | 6203 ||| Stepping ~*~*~tactically~*~*~ (stealth).
  6207 | D:8      | 6207 ||| Stepping ~*~*~tactically~*~*~ (stealth).
  6209 | D:8      | 6209 ||| Stepping ~*~*~tactically~*~*~ (stealth).
  6212 | D:8      | 6212 ||| Stepping ~*~*~tactically~*~*~ (stealth).
  6221 | D:8      | 6221 ||| Stepping ~*~*~tactically~*~*~ (outnumbered).
  6224 | D:8      | 6224 ||| Stepping ~*~*~tactically~*~*~ (outnumbered).
  6226 | D:8      | 6226 ||| Stepping ~*~*~tactically~*~*~ (outnumbered).
  6227 | D:8      | 6227 ||| Stepping ~*~*~tactically~*~*~ (outnumbered).
  6232 | D:8      | Reached XP level 10. HP: 96/96 MP: 10/10
  6241 | D:8      | Reached skill level 12 in Unarmed Combat
  6245 | D:8      | Reached skill level 1 in Armour
  6313 | D:8      | Found a hide-covered altar of Uskayaw.
  6319 | D:8      | 6319 ||| INVOKING Berserk.
  6348 | D:8      | 6348 ||| Stepping ~*~*~tactically~*~*~ (hiding).
  6349 | D:8      | 6349 ||| Waiting for ranged monster.
  6350 | D:8      | 6350 ||| Waiting for ranged monster.
  6351 | D:8      | 6351 ||| Stepping ~*~*~tactically~*~*~ (stealth).
  6352 | D:8      | 6352 ||| Waiting for ranged monster.
  6353 | D:8      | 6353 ||| Waiting for ranged monster.
  6354 | D:8      | 6354 ||| Waiting for ranged monster.
  6356 | D:8      | 6356 ||| INVOKING Berserk.
  6420 | D:8      | Noticed a cyclops
  6421 | D:8      | 6421 ||| Stepping ~*~*~tactically~*~*~ (hiding).
  6422 | D:8      | 6422 ||| Stepping ~*~*~tactically~*~*~ (hiding).
  6423 | D:8      | 6423 ||| Stepping ~*~*~tactically~*~*~ (hiding).
  6424 | D:8      | 6424 ||| Waiting for ranged monster.
  6425 | D:8      | 6425 ||| Stepping ~*~*~tactically~*~*~ (hiding).
  6426 | D:8      | 6426 ||| Stepping ~*~*~tactically~*~*~ (hiding).
  6427 | D:8      | 6427 ||| Stepping ~*~*~tactically~*~*~ (hiding).
  6428 | D:8      | 6428 ||| Waiting for ranged monster.
  6429 | D:8      | 6429 ||| Stepping ~*~*~tactically~*~*~ (hiding).
  6430 | D:8      | 6430 ||| Stepping ~*~*~tactically~*~*~ (hiding).
  6431 | D:8      | 6431 ||| Waiting for ranged monster.
  6432 | D:8      | 6432 ||| Stepping ~*~*~tactically~*~*~ (hiding).
  6433 | D:8      | 6433 ||| Stepping ~*~*~tactically~*~*~ (hiding).
  6434 | D:8      | 6434 ||| Waiting for ranged monster.
  6435 | D:8      | 6435 ||| Stepping ~*~*~tactically~*~*~ (hiding).
  6436 | D:8      | 6436 ||| Stepping ~*~*~tactically~*~*~ (hiding).
  6437 | D:8      | 6437 ||| Stepping ~*~*~tactically~*~*~ (hiding).
  6438 | D:8      | 6438 ||| Waiting for ranged monster.
  6439 | D:8      | 6439 ||| Stepping ~*~*~tactically~*~*~ (hiding).
  6440 | D:8      | 6440 ||| Waiting for ranged monster.
  6441 | D:8      | 6441 ||| Waiting for ranged monster.
  6442 | D:8      | 6442 ||| Waiting for ranged monster.
  6443 | D:8      | 6443 ||| Waiting for ranged monster.
  6444 | D:8      | 6444 ||| Waiting for ranged monster.
  6445 | D:8      | 6445 ||| Waiting for ranged monster.
  6447 | D:8      | 6447 ||| INVOKING Berserk.
  6451 | D:8      | Killed a cyclops
  6550 | D:8      | Found Hobopiud's Assorted Antiques.
  6558 | D:8      | 6558 ||| SHOPLISTING scroll of teleportation (99 gold, have
                  | 93).
  6693 | D:8      | 6693 ||| DROPPING ring of magical power.
  6801 | D:9      | 6801 ||| Stepping ~*~*~tactically~*~*~ (stealth).
  6804 | D:9      | 6804 ||| Stepping ~*~*~tactically~*~*~ (stealth).
  6805 | D:9      | 6805 ||| Stepping ~*~*~tactically~*~*~ (stealth).
  6806 | D:9      | 6806 ||| Stepping ~*~*~tactically~*~*~ (stealth).
  6811 | D:9      | 6811 ||| Stepping ~*~*~tactically~*~*~ (outnumbered).
  6812 | D:9      | 6812 ||| Stepping ~*~*~tactically~*~*~ (outnumbered).
  6821 | D:9      | 6821 ||| INVOKING Berserk.
  6832 | D:9      | Reached skill level 13 in Unarmed Combat
  6832 | D:9      | HP: 34/144 [yak (14)]
  6926 | D:9      | 6926 ||| INVOKING Berserk.
  7022 | D:9      | 7022 ||| FLEEEEING.
  7023 | D:9      | 7023 ||| FLEEEEING.
  7024 | D:9      | 7024 ||| FLEEEEING.
  7025 | D:9      | 7025 ||| FLEEEEING.
  7029 | D:9      | 7029 ||| FLEEEEING.
  7030 | D:9      | 7030 ||| FLEEEEING.
  7032 | D:9      | 7032 ||| FLEEEEING.
  7033 | D:9      | 7033 ||| FLEEEEING.
  7034 | D:9      | 7034 ||| FLEEEEING.
  7035 | D:9      | 7035 ||| FLEEEEING.
  7036 | D:9      | 7036 ||| FLEEEEING.
  7037 | D:9      | 7037 ||| FLEEEEING.
  7040 | D:9      | 7040 ||| Stepping ~*~*~tactically~*~*~ (outnumbered).
  7041 | D:9      | 7041 ||| Stepping ~*~*~tactically~*~*~ (outnumbered).
  7047 | D:9      | Reached skill level 6 in Fighting
  7065 | D:9      | 7065 ||| INVOKING Berserk.
  7067 | D:9      | Received a gift from Trog
  7124 | D:9      | 7124 ||| Stepping ~*~*~tactically~*~*~ (stealth).
  7125 | D:9      | 7125 ||| INVOKING Berserk.
  7136 | D:9      | 7136 ||| Stepping ~*~*~tactically~*~*~ (stealth).
  7138 | D:9      | 7138 ||| INVOKING Brothers in Arms.
  7192 | D:9      | 7192 ||| Stepping ~*~*~tactically~*~*~ (stealth).
  7194 | D:9      | 7194 ||| Stepping ~*~*~tactically~*~*~ (stealth).
  7196 | D:9      | 7196 ||| Stepping ~*~*~tactically~*~*~ (hiding).
  7200 | D:9      | 7200 ||| Stepping ~*~*~tactically~*~*~ (outnumbered).
  7201 | D:9      | 7201 ||| Stepping ~*~*~tactically~*~*~ (outnumbered).
  7202 | D:9      | 7202 ||| Stepping ~*~*~tactically~*~*~ (hiding).
  7207 | D:9      | 7207 ||| INVOKING Berserk.
  7211 | D:9      | Reached skill level 6 in Shields
  7223 | D:9      | Reached XP level 11. HP: 106/106 MP: 11/11
  7284 | D:9      | Found Leigett's General Store.
  7383 | D:9      | 7383 ||| Stepping ~*~*~tactically~*~*~ (stealth).
  7387 | D:9      | 7387 ||| INVOKING Berserk.
  7628 | D:9      | 7628 ||| BUYING scroll of identify (28 gold).
  7628 | D:9      | Bought a scroll of identify for 28 gold pieces
  7628 | D:9      | 7628 ||| BUYING scroll of identify (28 gold).
  7628 | D:9      | Bought a scroll of identify for 28 gold pieces
  7628 | D:9      | 7628 ||| UPGRADING to +4 ring of evasion.
  7630 | D:9      | 7630 ||| UPGRADING to +6 ring of strength.
  7632 | D:9      | 7632 ||| DROPPING +6 ring of dexterity.
  7633 | D:9      | 7633 ||| READING 3 scrolls of identify.
  7633 | D:9      | 7633 ||| IDENTIFYING ruby potion
  7634 | D:9      | 7634 ||| READING 2 scrolls of identify.
  7634 | D:9      | 7634 ||| IDENTIFYING glowing sapphire potion
  7635 | D:9      | 7635 ||| DROPPING potion of attraction.
  7636 | D:9      | 7636 ||| DROPPING potion of ambrosia.
  7652 | D:10     | Entered Level 10 of the Dungeon
  7653 | D:10     | 7653 ||| Stepping ~*~*~tactically~*~*~ (hiding).
  7654 | D:10     | 7654 ||| Stepping ~*~*~tactically~*~*~ (hiding).
  7656 | D:10     | 7656 ||| Stepping ~*~*~tactically~*~*~ (hiding).
  7657 | D:10     | 7657 ||| Stepping ~*~*~tactically~*~*~ (hiding).
  7658 | D:10     | 7658 ||| Stepping ~*~*~tactically~*~*~ (hiding).
  7659 | D:10     | 7659 ||| Stepping ~*~*~tactically~*~*~ (hiding).
  7666 | D:10     | 7666 ||| Waiting for ranged monster.
  7667 | D:10     | 7667 ||| Waiting for ranged monster.
  7668 | D:10     | 7668 ||| Waiting for ranged monster.
  7727 | D:10     | Found a staircase to the Orcish Mines.
  7743 | D:10     | 7743 ||| READING scroll of enchant armour.
  7743 | D:10     | 7743 ||| ENCHANTING +1 cloak.
  7765 | D:10     | Found an iron altar of Okawaru.
  7768 | D:10     | Found an opulent altar of Gozag.
  7771 | D:10     | Found a hazy altar of Hepliaklqana.
  7772 | D:10     | 7772 ||| Stepping ~*~*~tactically~*~*~ (stealth).
  7777 | D:10     | 7777 ||| Stepping ~*~*~tactically~*~*~ (outnumbered).
  7803 | D:10     | Found a shimmering altar of Xom.
  7840 | D:10     | 7840 ||| Stepping ~*~*~tactically~*~*~ (stealth).
  7841 | D:10     | 7841 ||| Stepping ~*~*~tactically~*~*~ (stealth).
  7867 | D:10     | Found a basalt altar of Yredelemnul.
  7894 | D:10     | 7894 ||| Stepping ~*~*~tactically~*~*~ (hiding).
  7895 | D:10     | 7895 ||| Waiting for ranged monster.
  7896 | D:10     | 7896 ||| Waiting for ranged monster.
  7897 | D:10     | 7897 ||| Waiting for ranged monster.
  7898 | D:10     | 7898 ||| Waiting for ranged monster.
  7899 | D:10     | 7899 ||| Waiting for ranged monster.
  7900 | D:10     | 7900 ||| Waiting for ranged monster.
  7901 | D:10     | 7901 ||| Waiting for ranged monster.
  7902 | D:10     | 7902 ||| Waiting for ranged monster.
  7903 | D:10     | 7903 ||| Waiting for ranged monster.
  7908 | D:10     | 7908 ||| INVOKING Berserk.
  8118 | D:10     | 8118 ||| INVOKING Berserk.
  8151 | D:10     | 8151 ||| Stepping ~*~*~tactically~*~*~ (hiding).
  8152 | D:10     | 8152 ||| Waiting for ranged monster.
  8153 | D:10     | 8153 ||| Waiting for ranged monster.
  8154 | D:10     | 8154 ||| Stepping ~*~*~tactically~*~*~ (hiding).
  8155 | D:10     | 8155 ||| Waiting for ranged monster.
  8160 | D:10     | 8160 ||| Waiting for ranged monster.
  8161 | D:10     | 8161 ||| Waiting for ranged monster.
  8162 | D:10     | 8162 ||| Waiting for ranged monster.
  8163 | D:10     | 8163 ||| Waiting for ranged monster.
  8167 | D:10     | Noticed an orange crystal statue
  8168 | D:10     | 8168 ||| INVOKING Brothers in Arms.
  8169 | D:10     | Identified the +5 great sword of Mourning {vorpal, *Rage
                  | Will+ Int+3 Dex+6}
  8172 | D:10     | Lost intelligence.
  8180 | D:10     | 8180 ||| DRINKING potion of curing.
  8180 | D:10     | 8180 ||| (to cure confusion)
  8181 | D:10     | 8181 ||| INVOKING Berserk.
  8197 | D:10     | Noticed a green ugly thing
  8198 | D:10     | 8198 ||| INVOKING Brothers in Arms.
  8212 | D:10     | Noticed a two-headed ogre
  8214 | D:10     | 8214 ||| INVOKING Brothers in Arms.
  8217 | D:10     | HP: 25/106 [troll[an orange crystal statue] (2)]
  8218 | D:10     | 8218 ||| DRINKING 4 potions of heal wounds.
  8219 | D:10     | 8219 ||| DRINKING 3 potions of heal wounds.
  8220 | D:10     | 8220 ||| DRINKING 2 potions of heal wounds.
  8221 | D:10     | 8221 ||| DRINKING potion of heal wounds.
  8230 | D:10     | 8230 ||| INVOKING Brothers in Arms.
  8233 | D:10     | 8233 ||| Stepping ~*~*~tactically~*~*~ (outnumbered).
  8235 | D:10     | 8235 ||| Stepping ~*~*~tactically~*~*~ (outnumbered).
  8241 | D:10     | Noticed a two-headed ogre
  8243 | D:10     | 8243 ||| Stepping ~*~*~tactically~*~*~ (outnumbered).
  8248 | D:10     | 8248 ||| INVOKING Berserk.
  8251 | D:10     | Reached skill level 14 in Unarmed Combat
  8262 | D:10     | Noticed a two-headed ogre
  8265 | D:10     | 8265 ||| INVOKING Brothers in Arms.
  8265 | D:10     | HP: 23/107 [shadow (10)]
  8266 | D:10     | 8266 ||| Stepping ~*~*~tactically~*~*~ (outnumbered).
  8267 | D:10     | HP: 6/107 [shadow (10)]
  8269 | D:10     | Demolished by a shadow

Levels and vault maps discovered:
D:1:      dpeg_arrival_tiny_j, layout_loops_ring
D:2:      layout_basic, hellmonk_ecumenical_altar_pennies_from_heaven,
          serial_shops, nicolae_shop_window_shopping, basic_altar,
          dk_vineyard_2, uniq_jessica, uniq_natasha
D:3:      layout_rooms, minmay_goblin_outpost
D:4:      layout_basic, minmay_temple_entry_butterflies, portal_sewer_entry_d,
          kennysheep_generic_room_13
D:5:      layout_cave_pods, mainiacjoe_overflow_paths, nicolae_stop_n_shop_2,
          chequers_serial_rivers_small_b
D:6:      layout_loops_ring, mainiacjoe_overflow_surrounded_room,
          minmay_chambers_of_fives, uniq_blork_the_orc, uniq_grinder
D:7:      layout_basic, serial_bayou_pond_d, minmay_misc_feat_doors,
          nicolae_inconvenience_store
D:8:      layout_basic, overflow_temple_1_default, serial_shops, shop,
          serial_glass, glass_columns_c, glass_columns_a, feat_on_display,
          ebering_dispersal_statue_hall
D:9:      layout_roguey, serial_shops, nicolae_shop_waterfront
D:10:     layout_long_grid, nicolae_yredelemnul_corpse_copse,
          grunt_temple_overflow_cloverleaf, david_lair_shrubbed, orc_0_dummy,
          minmay_protected_statue

Skill      XL: |  1  2  3  4  5  6  7  8  9 10 11 |
---------------+----------------------------------+-----
Unarmed Combat | 4 5 6 7 9 10 11 13 14 | 14.0
Shields        | 1 2 4 5 6 |  6.1
Fighting       | 4 5 6 |  6.5
Dodging        | 3 |  3.9
Armour         | 1 |  1.2

Action                   |  1- 3 |  4- 6 |  7- 9 | 10-12 || total
-------------------------+-------+-------+-------+-------++-------
Melee: Unarmed           |    73 |   210 |   201 |   244 ||   728
       Punch             |     2 |       |       |       ||     2
Invok: Berserk           |     1 |     4 |     9 |    13 ||    27
       Trog's Hand       |       |       |     1 |       ||     1
       Brothers in Arms  |       |       |       |     6 ||     6
  Use: Scroll            |     3 |     8 |     7 |     3 ||    21
       Potion            |       |     1 |     1 |     5 ||     7
 Stab: Sleeping          |       |       |     1 |       ||     1
Armor: Animal skin       |    25 |    11 |       |       ||    36
       Robe              |       |    75 |    67 |    73 ||   215
Dodge: Dodged            |    12 |    50 |    49 |   104 ||   215
Block: Kite shield       |     3 |    64 |    73 |    87 ||   227

Table legend:
 A = Non-vault XP
 B = Vault XP
 C = Vault XP percentage of total XP
 D = Non-vault monster count
 E = Vault monster count
 F = Vault count percentage of total count
                 A         B        C        D         E       F
            +---------+---------+-------+---------+---------+-------
      Total |   13184 |    2158 |  14.1 |     198 |      38 |  16.1
            +---------+---------+-------+---------+---------+-------
        D:1 |      34 |       0 |   0.0 |      24 |       0 |   0.0
        D:2 |      93 |      74 |  44.3 |      15 |       2 |  11.8
        D:3 |      20 |       9 |  31.0 |      11 |       5 |  31.2
        D:4 |     172 |      15 |   8.0 |       9 |       2 |  18.2
        D:5 |    1268 |       0 |   0.0 |      25 |       0 |   0.0
        D:6 |    1646 |     555 |  25.2 |      25 |       7 |  21.9
        D:7 |    1098 |       0 |   0.0 |      14 |       0 |   0.0
        D:8 |    2007 |       0 |   0.0 |      15 |       0 |   0.0
        D:9 |    4337 |       0 |   0.0 |      36 |       0 |   0.0
       D:10 |    2509 |    1479 |  37.1 |      24 |       6 |  20.0
      Sewer |       0 |      26 | 100.0 |       0 |      16 | 100.0
            +---------+---------+-------+---------+---------+-------
